 Dungeon Crawl Stone Soup version 0.24.0-125-gc4c63601f3 (webtiles) character file.

Game seed: 10439065600111567785, levelgen mode: deterministic

91 H0rd4k the Charlatan (level 4, -2/33 HPs)
             Began as a Human Artificer on Mar 17, 2020.
             Slain by a goblin
             ... wielding a +0 dagger
             ... led by Robin
              (8 damage)
             ... on level 2 of the Dungeon.
             The game lasted 00:01:44 (1945 turns).

H0rd4k the Charlatan (Human Artificer)              Turns: 1945, Time: 00:01:44

Health: -2/33      AC:  3    Str: 10 (13) XL:     4   Next: 88%
Magic:  6/6        EV: 12    Int:  9 (12) God:
Gold:   30         SH:  0    Dex: 11 (13) Spells: 3/3 levels left

rFire    . . .     SeeInvis .   a - +0 short sword
rCold    . . .     Gourm    .   (no shield)
rNeg     . . .     Faith    .   b - +0 leather armour
rPois    .         Spirit   .   (no helmet)
rElec    .         Reflect  .   (no cloak)
rCorr    .         Harm     .   (no gloves)
MR       .....                  (no boots)
Stlth    +.........             (no amulet)
HPRegen  0.11/turn              (no ring)
MPRegen  0.10/turn              (no ring)

@: no status effects
A: no striking features
a: no special abilities


You were on level 2 of the Dungeon.
You were hungry.

You visited 1 branch of the dungeon, and saw 2 of its levels.

You collected 30 gold pieces.

Inventory:

Hand Weapons
 a - a +0 short sword (weapon)
Armour
 b - a +0 leather armour (worn)
Jewellery
 i - a cursed -2 ring of strength {unknown}
Wands
 c - a wand of flame (10)
 d - a wand of enslavement (15)
 e - a wand of random effects (15)
Scrolls
 h - 3 scrolls of identify {unknown}
 k - a scroll of magic mapping {unknown}
 l - 4 scrolls of remove curse {unknown}
 n - 3 scrolls of blinking {unknown}
 o - a scroll of enchant weapon {unknown}
Potions
 p - a potion of curing {unknown}
Comestibles
 f - 4 rations
 g - a chunk of flesh


   Skills:
 + Level 1.8 Fighting
 + Level 2.1 Short Blades
 + Level 1.5 Armour
 + Level 2.3 Dodging
 + Level 1.2 Stealth
 + Level 3.7 Evocations


You had 3 spell levels left.
You didn't know any spells.
Your spell library was empty.

Dungeon Overview and Level Annotations

Branches:
Dungeon (2/15)

Altars:
Cheibriados
Nemelex Xobeh

Annotations:
D:1 exclusion: downstairs
D:2 Robin


Message History

The goblin barely misses you. The goblin hits you.
You hit the goblin but do no damage.
The goblin is moderately wounded.
Robin roars a battlecry!
The goblins go into a battle-frenzy!
The goblin hits you with a +0 dagger. The goblin barely misses you.
You barely miss the goblin.
The goblin is moderately wounded.
Robin says, "A pitiful Human like you will never find the ORB!"
The goblin hits you but does no damage. The goblin closely misses you.
You closely miss the goblin.
The goblin is moderately wounded.
The goblin hits you with a +0 dagger.
* * * LOW HITPOINT WARNING * * *
The goblin misses you.
You hit the goblin.
The goblin is heavily wounded.
You are feeling hungry.
The goblin hits you with a +0 dagger!
You die...

##.#......gg.##)####
...#........ggg....#####?#
####.........##...........
######.....#######.#.####
...........# #g#.#
#######...## #g#.# # ##..#
#.#.## #..########gg..# ####
#.......g@ggg..# ....
##.##########..# #### #.#
#..# #.# #..#
#####.###.##########..#######
.........>..................#
#####.####.#############.##.#
#.# #.# # # #.# #.##.#


You could see Robin, a hobgoblin and 4 goblins.

Vanquished Creatures
  Jessica (D:2)
  2 adders (D:2)
  A dart slug (D:2)
  A leopard gecko (D:1)
  8 hobgoblins
  5 jackals
  5 bats
  3 frilled lizards (D:1)
  9 goblins
  4 kobolds (D:2)
  2 rats
41 creatures vanquished.

Notes
Turn   | Place    | Note
-------+----------+-------------------------------------------
     0 | D:1      | H0rd4k the Human Artificer began the quest for the Orb.
     0 | D:1      | Reached XP level 1. HP: 15/15 MP: 3/3
   149 | D:1      | Reached XP level 2. HP: 16/21 MP: 4/4
   476 | D:1      | Found a sparkling altar of Nemelex Xobeh.
  1044 | D:1      | Reached XP level 3. HP: 23/26 MP: 5/5
  1166 | D:2      | Noticed Jessica
  1175 | D:2      | Killed Jessica
  1182 | D:2      | Reached skill level 1 in Armour
  1182 | D:2      | Reached XP level 4. HP: 33/33 MP: 6/6
  1229 | D:2      | Found a snail-covered altar of Cheibriados.
  1819 | D:2      | Noticed Robin
  1945 | D:2      | Slain by a goblin

Levels and vault maps discovered:
D:1:      dpeg_arrival_shrine, layout_basic, minivault_11,
          nemelex_diamond_rough_becter
D:2:      layout_loops_ring, kennysheep_slug_shrine, uniq_robin, uniq_jessica

Skill      XL: |  1  2  3  4 |
---------------+-------------+-----
Armour         | 1 |  1.5
Short Blades   | 2 |  2.1
Fighting       | |  1.8
Dodging        | |  2.3
Stealth        | |  1.2
Evocations     | |  3.7

Action                   |  1- 3 |  4- 6 || total
-------------------------+-------+-------++-------
Melee: Short sword       |    76 |   105 ||   181
Evoke: Wand              |     2 |     3 ||     5
  Use: Potion            |       |     3 ||     3
 Stab: Distracted        |     1 |       ||     1
  Eat: Chunk             |       |     3 ||     3
Armor: Leather armour    |    17 |    26 ||    43
Dodge: Dodged            |    54 |    80 ||   134
